 Dungeon Crawl Stone Soup version bcrawl-1.40.3b (webtiles) character file.

Game seed: 2041842613324909933

167467 Finalfun the Sneak (level 5, -1/40 HPs)
             Began as a Gnoll Archaeologist on Mar 24, 2024.
             Killed from afar by an orc wizard (6 damage)
             ... with a puff of flame
             ... on level 3 of the Dungeon.
             The game lasted 00:04:13 (1597 turns).

Finalfun the Sneak (Gnoll Archaeologist)            Turns: 1597, Time: 00:04:13

Health: -1/40      AC:  8    Str: 15    XL:     5   Next: 1%
Magic:  6/6        EV: 13    Int: 16    God:
Gold:   140        SH:  0    Dex: 13    Spells: 6/6 levels left

rFire    . . .     GDR:     26% a - +0 whip
rCold    . . .     SeeInvis .   (no shield)
rNeg     . . .     Gourm    .   t - +0 ring mail
rPois    .         Faith    .   d - +1 hat
rElec    .         Spirit   .   (no cloak)
rCorr    .         Reflect  .   (no gloves)
MR       .....                  s - +1 pair of boots
Stlth    +++.......             (no amulet)
HPRegen  0.16/turn              (no ring)
MPRegen  0.10/turn              (no ring)

@: slowed, very slow
A: distributed training, fangs 1, strong nose
a: no special abilities


You were on level 3 of the Dungeon.
You were not hungry.

You visited 1 branch of the dungeon, and saw 3 of its levels.

You collected 140 gold pieces.

Inventory:

Hand Weapons
 a - a +0 whip (weapon)
 b - a +0 blowgun
 h - a +2 vampiric quick blade
 j - a +1 dagger of venom
Missiles
 f - 5 curare-tipped needles
 m - 160 arrows
 p - 162 bolts
Armour
 d - a +1 hat (worn)
 s - a +1 pair of boots (worn)
 t - a +0 ring mail (worn)
Jewellery
 u - an uncursed ring of stealth {unknown}
Scrolls
 c - a scroll of immolation {unknown}
 g - a scroll of revelation
 n - a scroll of fear {unknown}
 o - a scroll of remove curse {unknown}
 q - 2 scrolls of teleportation {unknown}
Potions
 k - a potion of ambrosia {unknown}
 l - 3 potions of flight
 r - a potion of brilliance {unknown}
Comestibles
 i - 4 chunks of flesh


   Skills:
 + Level 2.8 Fighting
 + Level 1.2 Short Blades
 + Level 1.2 Long Blades
 + Level 1.2 Axes
 + Level 2.8 Maces & Flails
 + Level 1.2 Polearms
 + Level 1.2 Staves
 + Level 1.2 Slings
 + Level 1.2 Bows
 + Level 1.2 Crossbows
 + Level 1.2 Throwing
 + Level 1.2 Armour
 + Level 6.6 Dodging
 + Level 6.6 Stealth
 + Level 1.2 Shields
 + Level 1.2 Unarmed Combat
 + Level 1.2 Spellcasting
 + Level 1.0 Conjurations
 + Level 1.0 Hexes
 + Level 1.0 Charms
 + Level 1.0 Summonings
 + Level 1.0 Necromancy
 + Level 1.0 Translocations
 + Level 1.0 Transmutations
 + Level 1.0 Fire Magic
 + Level 1.0 Ice Magic
 + Level 1.0 Air Magic
 + Level 1.0 Earth Magic
 + Level 1.0 Poison Magic
 + Level 1.4 Invocations
 + Level 1.2 Evocations


You had 6 spell levels left.
You didn't know any spells.
Your spell library was empty.

Dungeon Overview and Level Annotations

Branches:
Dungeon (3/12)

Altars:
Fedhas
Qazlal


Innate Abilities, Weirdness & Mutations

Your experience applies equally to all skills.
You have very sharp teeth.
Your uncanny sense of smell can sniff out nearby items.


Message History

* * * LOW HITPOINT WARNING * * *
Something hits you but does no damage.
The orc wizard casts a spell.
The orc wizard blinks!
You hit something but do no damage.
The orc wizard hits you but does no damage.
Something barely misses you. The orc wizard barely misses you.
Something hits you but does no damage.
You hit something. The orc wizard misses you.
The orc wizard hits you but does no damage.
Something hits you but does no damage.
The orc wizard casts a spell.
The orc wizard blinks!
You closely miss something.
Something hits you but does no damage. x2
You barely miss something. Something hits you but does no damage.
You closely miss something. You bite something.
You hear some strange, mumbled words.
A puff of flame appears from out of thin air!
The puff of flame hits you.
You die...

# .# .. #. ..# ..
.#####..# #o# ..#...#
#o# #!#... #o#.# #...#
####.#.# #..######.#.#
.....#.####...o{@.....#
#<.#........o#####...#
###.o#..###....# ∆ #
........###....#
###.)#..#....#.#
#.)..........#
..........#).#.#
..............>....
#######.######.####


You could see an orc wizard and an orc.

Vanquished Creatures
  Robin (D:2)
  An adder (D:2)
  An adder zombie (D:3)
  4 worms
  2 dart slugs
  4 leopard geckos
  4 orcs
  5 bats
  3 giant cockroaches
  12 goblins
  9 hobgoblins
  4 jackals (D:2)
  4 kobolds (D:2)
  A quokka (D:3)
  4 frilled lizards
  6 rats
65 creatures vanquished.

Notes
Turn   | Place    | Note
-------+----------+-------------------------------------------
     0 | D:1      | Finalfun the Gnoll Archaeologist began the quest for the
                  | Orb.
     0 | D:1      | Reached XP level 1. HP: 17/17 MP: 1/1
   171 | D:1      | Reached XP level 2. HP: 23/23 MP: 2/2
   478 | D:2      | Noticed Robin
   489 | D:2      | Reached XP level 3. HP: 24/28 MP: 3/3
   539 | D:2      | Killed Robin
   540 | D:2      | Reached skill level 1 in Invocations
   570 | D:2      | Reached skill level 1 in Short Blades
   570 | D:2      | Reached skill level 1 in Long Blades
   570 | D:2      | Reached skill level 1 in Axes
   570 | D:2      | Reached skill level 1 in Polearms
   570 | D:2      | Reached skill level 1 in Staves
   570 | D:2      | Reached skill level 1 in Slings
   570 | D:2      | Reached skill level 1 in Bows
   570 | D:2      | Reached skill level 1 in Crossbows
   570 | D:2      | Reached skill level 1 in Throwing
   570 | D:2      | Reached skill level 1 in Armour
   570 | D:2      | Reached skill level 1 in Shields
   570 | D:2      | Reached skill level 1 in Unarmed Combat
   570 | D:2      | Reached skill level 1 in Spellcasting
   570 | D:2      | Reached skill level 1 in Evocations
   621 | D:2      | Found a stormy altar of Qazlal.
   641 | D:2      | Found a blossoming altar of Fedhas.
   669 | D:2      | Reached XP level 4. HP: 32/34 MP: 5/5
   900 | D:2      | Noticed Sigmund
  1364 | D:3      | Reached skill level 1 in Conjurations
  1364 | D:3      | Reached skill level 1 in Hexes
  1364 | D:3      | Reached skill level 1 in Charms
  1364 | D:3      | Reached skill level 1 in Summonings
  1364 | D:3      | Reached skill level 1 in Necromancy
  1364 | D:3      | Reached skill level 1 in Translocations
  1364 | D:3      | Reached skill level 1 in Transmutations
  1364 | D:3      | Reached skill level 1 in Fire Magic
  1364 | D:3      | Reached skill level 1 in Ice Magic
  1364 | D:3      | Reached skill level 1 in Air Magic
  1364 | D:3      | Reached skill level 1 in Earth Magic
  1364 | D:3      | Reached skill level 1 in Poison Magic
  1520 | D:2      | Reached XP level 5. HP: 36/40 MP: 6/6
  1520 | D:2      | Identified a scroll of acquirement
  1520 | D:2      | Identified the Grimoire of Lucky Malediction (You acquired
                  | it on level 2 of the Dungeon)
  1597 | D:3      | Killed from afar by an orc wizard

Skill      XL: |  1  2  3  4 |
---------------+-------------+-----
Invocations    | 1 |  1.4
Short Blades   | 1 |  1.2
Long Blades    | 1 |  1.2
Axes           | 1 |  1.2
Polearms       | 1 |  1.2
Staves         | 1 |  1.2
Slings         | 1 |  1.2
Bows           | 1 |  1.2
Crossbows      | 1 |  1.2
Throwing       | 1 |  1.2
Armour         | 1 |  1.2
Shields        | 1 |  1.2
Unarmed Combat | 1 |  1.2
Spellcasting   | 1 |  1.2
Evocations     | 1 |  1.2
Conjurations   | 1 |  1.0
Hexes          | 1 |  1.0
Charms         | 1 |  1.0
Summonings     | 1 |  1.0
Necromancy     | 1 |  1.0
Translocations | 1 |  1.0
Transmutations | 1 |  1.0
Fire Magic     | 1 |  1.0
Ice Magic      | 1 |  1.0
Air Magic      | 1 |  1.0
Earth Magic    | 1 |  1.0
Poison Magic   | 1 |  1.0
Fighting       | |  2.8
Maces & Flails | |  2.8
Dodging        | |  6.6
Stealth        | |  6.6

Action                   |  1- 3 |  4- 6 || total
-------------------------+-------+-------++-------
Melee: Whip              |   144 |   176 ||   320
       Bite              |    12 |    16 ||    28
 Fire: Blowgun           |       |     1 ||     1
  Use: Scroll            |     1 |     2 ||     3
       Potion            |     1 |       ||     1
 Stab: Sleeping          |     4 |     3 ||     7
       Invisible         |     5 |       ||     5
  Eat: Ration            |     1 |     2 ||     3
       Chunk             |       |     3 ||     3
Armor: Robe              |    36 |       ||    36
       Ring mail         |     5 |    78 ||    83
Dodge: Dodged            |   151 |   107 ||   258
